 Dungeon Crawl Stone Soup version 0.26-a0-639-g72c4674329 (webtiles) character file.

Game seed: 9701570717296010283

0 Gargoyl the Skirmisher (level 1, -13/23 HPs)
             Began as a Gnoll Abyssal Knight on Sept 16, 2020.
             Was a Follower of Lugonu.
             Mangled by a tentacled starspawn (17 damage)
             ... on level 2 of the Abyss.
             The game lasted 00:00:44 (200 turns).

Gargoyl the Skirmisher (Gnoll Abyssal Knight)        Turns: 200, Time: 00:00:45

Health: -13/23     AC:  3    Str: 14    XL:     1   Next: 0%
Magic:  1/3        EV: 12    Int: 14    God:    Lugonu [*.....]
Gold:   50         SH:  0    Dex: 14    Spells: 0/0 levels left

rFire    . . .     SeeInvis .   a - +1 hand axe
rCold    . . .     Faith    .   (no shield)
rNeg     . . .     Spirit   .   b - +0 leather armour
rPois    .         Reflect  .   (no helmet)
rElec    .         Harm     .   (no cloak)
rCorr    .         Rampage  .   (no gloves)
MR       .....                  (no boots)
Stlth    +.........             (no amulet)
HPRegen  0.07/turn              (no ring)
MPRegen  0.08/turn              (no ring)

@: no status effects
A: distributed training, fangs 1, strong nose
a: Depart the Abyss, Renounce Religion


You were on level 2 of the Abyss.
You worshipped Lugonu.
Lugonu was aware of your devotion.
You visited 0 branches of the dungeon, and saw 0 of its levels.
You visited the Abyss 1 time.

You collected 50 gold pieces.

Inventory:

Hand Weapons
 a - a +1 hand axe (weapon)
Armour
 b - a +0 leather armour (worn)


   Skills:
 + Level 6.4 Fighting
 + Level 0.0 Short Blades
 + Level 0.0 Long Blades
 + Level 4.4 Axes
 + Level 0.0 Maces & Flails
 + Level 0.0 Polearms
 + Level 0.0 Staves
 + Level 0.0 Slings
 + Level 0.0 Bows
 + Level 0.0 Crossbows
 + Level 0.0 Throwing
 + Level 4.4 Armour
 + Level 2.3 Dodging
 + Level 0.0 Stealth
 + Level 0.0 Shields
 + Level 0.0 Unarmed Combat
 + Level 0.0 Spellcasting
 + Level 0.0 Conjurations
 + Level 0.0 Hexes
 + Level 0.0 Summonings
 + Level 0.0 Necromancy
 + Level 0.0 Translocations
 + Level 0.0 Transmutations
 + Level 0.0 Fire Magic
 + Level 0.0 Ice Magic
 + Level 0.0 Air Magic
 + Level 0.0 Earth Magic
 + Level 0.0 Poison Magic
 + Level 4.4 Invocations
 + Level 0.0 Evocations


You couldn't memorise any spells.
You didn't know any spells.
Your spell library was empty.

Dungeon Overview and Level Annotations

Branches:
Dungeon (0/15)

Altars:


Innate Abilities, Weirdness & Mutations

Your experience applies equally to all skills.
You have very sharp teeth.
Your uncanny sense of smell can sniff out nearby items.


Message History

The chaos spawn is lightly wounded.
The chaos spawn gores you!
You feel your power leaking away.
You closely miss the chaos spawn.
You bite the chaos spawn, but do no damage.
The chaos spawn is lightly wounded.
The chaos spawn barely misses you.
You closely miss the chaos spawn.
The chaos spawn is lightly wounded.
The chaos spawn closely misses you. The chaos spawn gores you!
* * * LOW HITPOINT WARNING * * *
The chaos spawn draws strength from your injuries!
Unknown command.
You hit the chaos spawn.
The chaos spawn is lightly wounded.
You hit the tentacled starspawn.
The tentacled starspawn is lightly damaged.
The tentacled starspawn bites you!
Ouch! That really hurt!
You die...

#. ##.##..#
#. ..#.X. #
#.. #....#
# ##X#####
#.# #.#...
#...###.##
##...#..4##
#...##.##X#
∆
#..#X..#@##
##########


You could see a tentacled starspawn.

Vanquished Creatures (others)
  A lurking horror (Abyss:2)
  14 starspawn tentacles (Abyss:2)
15 creatures vanquished.

Notes
Turn   | Place    | Note
-------+----------+-------------------------------------------
     0 | Abyss:1  | Gargoyl the Gnoll Abyssal Knight began the quest for the
                  | Orb.
     0 | Abyss:1  | Reached XP level 1. HP: 23/23 MP: 3/3
   112 | Abyss:2  | Noticed a tentacled starspawn
   113 | Abyss:2  | Noticed a blizzard demon
   114 | Abyss:2  | Noticed a large abomination
   166 | Abyss:2  | Noticed a chaos spawn
   200 | Abyss:2  | Mangled by a tentacled starspawn

Illustrated notes

Levels and vault maps discovered:
Abyss:2

Action                   || total
-------------------------++-------
Melee: Hand axe          ||     7
       Bite              ||     1
  Use: Scroll            ||     2
       Potion            ||     1
Dodge: Dodged            ||     4

Table legend: (Time is in decaauts)
 A = Elapsed time spent in this place.
 B = Non-inter-level travel time spent in this place.
 C = Inter-level travel time spent in this place.
 D = Time resting spent in this place.
 E = Time spent auto-exploring this place.
 F = Levels seen in this place.
 G = Mean time per level.
                   A        B        C        D        E       F      G
               +--------+--------+--------+--------+--------+-----+--------+
         Total |    200 |    200 |      0 |      0 |    107 |   2 |  100.0 |
         Abyss |    200 |    200 |      0 |      0 |    107 |   2 |  100.0 |
               +--------+--------+--------+--------+--------+-----+--------+

Top non-repeatable levels by time:
 Abyss:2: 119 daAuts
 Abyss:1: 81 daAuts
